 Dungeon Crawl Stone Soup version 0.23-a0-577-g2b1de94 (webtiles) character file.

104 Lanoc the Slasher (level 4, -2/40 HPs)
             Began as a Draconian Chaos Knight on Dec 15, 2018.
             Was a Plaything of Xom.
             Slain by Ijyb
             ... wielding a +0 dagger
              (3 damage)
             ... on level 2 of the Dungeon.
             The game lasted 00:02:57 (1151 turns).

Lanoc the Slasher (Draconian Chaos Knight)          Turns: 1151, Time: 00:02:58

Health: -2/40      AC:  5    Str: 15    XL:     4   Next: 52%
Magic:  4/4        EV: 13    Int: 12    God:    Xom [......]
Gold:   90         SH:  0    Dex: 11    Spells: 3/3 levels left

rFire    . . .     SeeInvis .   a - +0 falchion (chaos)
rCold    . . .     Gourm    .   (no shield)
rNeg     . . .     Faith    .   (armour unavailable)
rPois    +         Spirit   .   (helmet restricted)
rElec    .         Reflect  .   (no cloak)
rCorr    .         Harm     .   (no gloves)
MR       .....                  (no boots)
Stlth    +.........             (no amulet)
HPRegen  0.13/turn              c - ring of poison resistance
MPRegen  0.09/turn              (no ring)

@: confused
A: unfitting armour, cold-blooded, AC +5
a: Renounce Religion


You were on level 2 of the Dungeon.
You worshipped Xom.
You were a very special plaything of Xom.
You were not hungry.

You visited 1 branch of the dungeon, and saw 3 of its levels.

You collected 90 gold pieces.

Inventory:

Hand Weapons
 a - a +0 falchion of chaos (weapon)
Jewellery
 c - a ring of poison resistance (left hand)
Comestibles
 b - 2 rations


   Skills:
 + Level 4.0 Fighting
 * Level 4.3 Long Blades
 + Level 2.9 Dodging


You had 3 spell levels left.
You didn't know any spells.
Your spell library was empty.

Dungeon Overview and Level Annotations

Branches:
Dungeon (3/15)

Altars:
Fedhas

Annotations:
D:2 Ijyb, Sigmund


Innate Abilities, Weirdness & Mutations

Your plain brown scales are hard. (AC +5)
You cannot fit into any form of body armour.
You are cold-blooded and may be slowed by cold attacks.


Message History

You feel less confused. Ijyb hits you but does no damage.
There is a stone staircase leading up here.
Ijyb zaps a wand.
You resist with some effort.
You climb upwards.
Level annotation: Sigmund
There is a stone staircase leading down here.
You closely miss Ijyb. Ijyb hits you with a +0 dagger.
* * * LOW HITPOINT WARNING * * *
You hit Ijyb. You freeze Ijyb.
Ijyb is moderately wounded. "This might be better!"
You swap places with Ijyb.
Ijyb zaps a wand.
Your will is overpowered!
You are confused.
You hit Ijyb.
Space bends around Ijyb.
Ijyb is heavily wounded.
Ijyb screams, "You nasty!
Big nasty!"
Ijyb hits you with a +0 dagger.
You die...
Xom roars with laughter!

#.# #..###.## #.#
##....... #.#
#...#.##
#####.######.#.....
#..................
####.....#......(##
##..............##
#.g.............)#
#@....÷...........
#................#
#................#
#.................
#................†
##..............#.
##.....##.....##.
##.########.##..
##..# ##.##.#


You could see Ijyb.

Vanquished Creatures
  Natasha (D:2)
  3 adders (D:2)
  An ooze (D:1)
  A dart slug (D:1)
  2 leopard geckos (D:1)
  3 bats (D:1)
  2 giant cockroaches (D:2)
  7 goblins
  3 hobgoblins
  5 jackals
  A ball python (D:1)
  A frilled lizard (D:2)
  6 kobolds
  5 rats
41 creatures vanquished.

Vanquished Creatures (others)
  A worm (D:2)
1 creature vanquished.

Grand Total: 42 creatures vanquished

Notes
Turn   | Place    | Note
-------+----------+-------------------------------------------
     0 | D:1      | Lanoc the Draconian Chaos Knight began the quest for the
                  | Orb.
     0 | D:1      | Reached XP level 1. HP: 19/19 MP: 1/1
    12 | D:1      | XOM: smoke on damage
   121 | D:1      | Reached XP level 2. HP: 10/26 MP: 2/2
   150 | D:1      | XOM: divination: magic mapping
   152 | D:1      | XOM: cast spell 'Summon Small Mammal'
   251 | D:1      | XOM: harmless Necr miscast
   261 | D:1      | XOM: polymorph hobgoblin -> leopard gecko
   644 | D:1      | Reached XP level 3. HP: 18/31 MP: 3/3
   887 | D:2      | Found a faded altar of an unknown god.
  1034 | D:2      | XOM: harmless Chrm miscast
  1048 | D:2      | Noticed Natasha
  1048 | D:2      | Noticed Sigmund
  1058 | D:2      | Reached XP level 4. HP: 24/40 MP: 4/4
  1070 | D:2      | Killed Natasha
  1103 | D:3      | Found a blossoming altar of Fedhas.
  1132 | D:3      | Noticed Ijyb
  1140 | D:3      | HP: 2/40 [worm (10)]
  1149 | D:2      | HP: 1/40 [Ijyb/+0 dagger (2)]
  1150 | D:2      | XOM: swap monsters
  1151 | D:2      | Slain by Ijyb

Vault maps used:
D:1:      dpeg_arrival_rooms_with_view
D:2:      kennysheep_big_flooded_room, chequers_ecumenical_altar_island,
          uniq_natasha, uniq_terence, uniq_sigmund, uniq_crazy_yiuf_cottage
D:3:      kiku_gazebo_garden_becter, fedhas_altar_3, uniq_ijyb

Skill      XL: |  1  2  3  4 |
---------------+-------------+-----
Long Blades    | 4 |  4.3
Fighting       | 4 |  4.0
Dodging        | |  2.9

Action                   |  1- 3 |  4- 6 || total
-------------------------+-------+-------++-------
Melee: Falchion          |   105 |    22 ||   127
       Tailslap          |     8 |     4 ||    12
  Use: Scroll            |     5 |       ||     5
       Potion            |     1 |     1 ||     2
 Stab: Paralysed         |     4 |       ||     4
  Eat: Chunk             |     1 |       ||     1
Armor: Skin              |    40 |     2 ||    42
Dodge: Dodged            |    45 |     9 ||    54
       Rpst.: Falchion   |    14 |     3 ||    17

Table legend:
 A = Non-vault XP
 B = Vault XP
 C = Vault XP percentage of total XP
 D = Non-vault monster count
 E = Vault monster count
 F = Vault count percentage of total count
                 A         B        C        D         E       F
            +---------+---------+-------+---------+---------+-------
      Total |     109 |      40 |  26.8 |      38 |       4 |   9.5
            +---------+---------+-------+---------+---------+-------
        D:1 |      38 |       3 |   7.3 |      17 |       2 |  10.5
        D:2 |      68 |      37 |  35.2 |      19 |       2 |   9.5
        D:3 |       3 |       0 |   0.0 |       2 |       0 |   0.0
            +---------+---------+-------+---------+---------+-------
